 Dungeon Crawl Stone Soup version 0.32-a0-136-gc02482bde3 (webtiles) character file.

Game seed: 16482900352451989114

220141 croobank the Artisan of Death (level 18, -21/93 HPs)
             Began as a Felid Summoner on Feb 10, 2024.
             Was a Priest of Kikubaaqudgha.
             Demolished by a +3 bardiche of flaming (35 damage)
             ... on level 2 of the Elven Halls.
             The game lasted 03:02:39 (44250 turns).

croobank the Artisan of Death (Felid Summoner)     Turns: 44250, Time: 03:02:40

Health: -21/93     AC:  3    Str:  6    XL:     18   Next: 46%
Magic:  19/35      EV: 24    Int: 30    God:    Kikubaaqudgha [***...]
Gold:   565        SH:  0    Dex: 18    Spells: 2/41 levels left
                                        Lives:  0   Deaths: 6

rFire   + . .        (weapon unavailable)
rCold   + . .        (shield unavailable)
rNeg    . . .        (body armour unavailable)
rPois   .            (helmet unavailable)
rElec   .            (cloak unavailable)
rCorr   .            (gloves unavailable)
SInv    +            (boots unavailable)
Will    ++...        a - amulet of magic regeneration
Stlth   +++++        e - +6 ring of intelligence
HPRegen 0.35/turn    B - ring of protection from fire
MPRegen 0.64/turn

%: no passive effects
@: about to teleport, forested, animating dead, unable to call your familiar
A: very small, claws 1, fangs 3, see invisible, shaggy fur 3, stealthy paws, no
weapons or thrown items, no armour, multi-lived
}: 1/15 runes: gossamer
a: Renounce Religion, Unearth Wretches


You were on level 2 of the Elven Halls.
You worshipped Kikubaaqudgha.
Kikubaaqudgha was most pleased with you.
You visited 6 branches of the dungeon, and saw 29 of its levels.

You collected 2516 gold pieces.
You spent 1951 gold pieces at shops.

Inventory:

Jewellery
 a - an amulet of magic regeneration (around neck)
 e - a +6 ring of intelligence (left paw)
 k - a ring of flight
 o - a ring of fire
 u - a ring of ice
 v - a ring of willpower
 x - a +6 ring of strength
 B - a ring of protection from fire (right paw)
 F - a ring of protection from fire
 J - a ring of willpower
 M - a ring of magical power
 O - an amulet of regeneration
 S - an amulet of guardian spirit
 T - a ring of willpower
 W - a +6 ring of dexterity
 X - a ring of wizardry
Wands
 b - a wand of iceblast (15)
 n - a wand of flame (53)
 A - a wand of polymorph (9)
 I - a wand of charming (16)
 P - a wand of digging (2)
 Q - a wand of mindburst (4)
 V - a wand of acid (4)
Scrolls
 c - 9 scrolls of amnesia
 f - 7 scrolls of teleportation
 h - 2 scrolls of torment
 m - 2 scrolls of silence
 s - 6 scrolls of fog
 y - a scroll of noise
 z - 17 scrolls of identify
 C - 2 scrolls of revelation
 E - 4 scrolls of poison
 K - 3 scrolls of immolation
 R - 2 scrolls of fear
Potions
 d - 14 potions of curing
 g - 4 potions of cancellation
 i - 5 potions of heal wounds
 j - 3 potions of berserk rage
 l - a potion of lignification
 p - 3 potions of attraction
 q - 6 potions of mutation
 r - 2 potions of enlightenment
 t - 10 potions of brilliance
 w - 3 potions of haste
 D - 2 potions of might
 G - a potion of resistance
 L - a potion of magic
 N - 4 potions of ambrosia
 U - 2 potions of invisibility
Miscellaneous
 H - a box of beasts (inert)


   Skills:
 - Level 10.0 Fighting
 - Level 10.0 Dodging
 - Level 10.0 Stealth
 + Level 12.4 Spellcasting
 - Level 7.0 Hexes
 - Level 12.0 Summonings
 + Level 23.6 Necromancy
 - Level 5.0 Translocations
 - Level 5.0 Fire Magic
 - Level 7.0 Air Magic


You had 2 spell levels left.
You knew the following spells:

 Your Spells              Type           Power      Damage    Failure   Level
a - Summon Small Mammal   Summ           100%       N/A       1%          1
c - Call Canine Familiar  Summ           74%        N/A       1%          3
d - Summon Blazeheart Go  Fire/Summ      62%        N/A       1%          4
e - Summon Lightning Spi  Summ/Air       66%        N/A       1%          4
f - Summon Mana Viper     Hex/Summ       66%        N/A       1%          5
g - Summon Forest         Summ/Tloc      31%        N/A       2%          5
A - Animate Dead          Necr           100%       N/A       0%          4
B - Blink                 Tloc           96%        N/A       1%          2
H - Haunt                 Necr/Summ      45%        N/A       1%          7
N - Anguish               Hex/Necr       42%        N/A       1%          4

Your spell library contained the following spells:

 Spells                   Type           Power      Damage    Failure   Level
 Necrotise                Necr           100%       1d9       0%          1
 Apportation              Tloc           96%        N/A       1%          1
 Shock                    Conj/Air       100%       1d9       1%          1
 Call Imp                 Summ           100%       N/A       1%          2
 Cigotuvi's Dreadful Rot  Necr/Alch/Air  100%       N/A       1%          2
 Mercury Vapours          Alch/Air       78%        N/A       1%          2
 Magic Dart               Conj           72%        1d6       2%          1
 Sting                    Conj/Alch      72%        1d7       2%          1
 Fugue of the Fallen      Necr           100%       N/A       0%          3
 Vampiric Draining        Necr           100%       2d13      0%          3
 Curse of Agony           Necr           100%       N/A       0%          5
 Swiftness                Air            57%        N/A       1%          3
 Tukima's Dance           Hex            57%        N/A       1%          3
 Airstrike                Air            28%        2d(5-21)  1%          4
 Cause Fear               Hex            28%        N/A       1%          4
 Martyr's Knell           Necr/Summ      90%        N/A       1%          4
 Borgnjor's Vile Clutch   Necr/Erth      37%        N/A       1%          5
 Borgnjor's Revivificati  Necr           51%        N/A       1%          8
 Infestation              Necr           51%        N/A       1%          8
 Manifold Assault         Tloc           48%        N/A       3%          4
 Passage of Golubria      Tloc           48%        N/A       3%          4
 Summon Cactus Giant      Summ           37%        N/A       3%          6
 Ozocubu's Armour         Ice            18%        N/A       9%          3
 Flame Wave               Conj/Fire      33%        2d10      10%         4
 Iskenderun's Mystic Bla  Conj/Tloc      33%        2d8       10%         4
 Death's Door             Necr           51%        N/A       17%         9
 Yara's Violent Unravell  Hex/Alch       19%        3d9       19%         5
 Brom's Barrelling Bould  Conj/Erth      18%        2d4       26%         4
 Olgreb's Toxic Radiance  Alch           18%        N/A       26%         4
 Malign Gateway           Summ/Tloc      31%        N/A       56%         7
 Alistair's Intoxication  Alch           12%        N/A       58%         5
 Enfeeble                 Hex            28%        N/A       78%         7
 Eringya's Noxious Bog    Alch           9%         4d6       99%         6
 Ozocubu's Refrigeration  Ice            9%         4d9       100%        7
 Discord                  Hex            28%        N/A       100%        8
 Maxwell's Capacitive Co  Air            28%        ∞         100%        8
 Chain Lightning          Conj/Air       19%        3d26      100%        9
 Fire Storm               Conj/Fire      16%        8d4       100%        9
 Shatter                  Erth           9%         3d11*     100%        9


Dungeon Overview and Level Annotations

Branches:
Dungeon (15/15)            Temple (1/1) D:4            Lair (5/5) D:9
  Swamp (0/4) Lair:3       Spider (4/4) Lair:3        Slime (0/5) Lair:4
    Orc (2/2) D:12            Elf (2/3) Orc:2        Vaults (0/5) D:14
 Depths (0/4) D:15

Altars:
Ashenzari
Cheibriados
Dithmenos
Elyvilon
Fedhas
Gozag
Hepliaklqana
Kikubaaqudgha
Makhleb
Nemelex Xobeh
Okawaru
Qazlal
Ru
Sif Muna
Trog
Uskayaw
Vehumet
Wu Jian
Xom
Yredelemnul
Zin
The Shining One
Jiyva

Shops:
D:3 :   D:4 :   D:6 !   D:8 *   D:9 *   D:11 (=[**   D:12 [   D:14 **[:
Orc:1 **   Orc:2 ?*!(   Elf:1 (*


Innate Abilities, Weirdness & Mutations

You have sharp claws.
You have razor-sharp teeth.
You have supernaturally acute eyesight. (SInv)
Your thick and shaggy fur keeps you warm. (AC +3, rC+)
Your paws help you pounce on unaware monsters.
You are incapable of wielding weapons or throwing items.
You cannot wear armour.
You gain extra lives every three experience levels.


Message History

Your blazeheart golem falls apart, revealing its core!
Your inugami hits the +2 heavy hand axe!
The +2 heavy hand axe hits your inugami!
The +2 heavy hand axe closely misses you.
The +2 heavy hand axe completely misses your blazeheart core.
The +2 heavy hand axe hits your mana viper!
Your mana viper misses the +3 bardiche of flaming.
Your blazeheart core explodes!
The fiery explosion engulfs your mana viper!!
The fiery explosion engulfs the +3 bardiche of flaming.
The +3 bardiche of flaming resists.
The fiery explosion engulfs the +2 heavy hand axe.
The +2 heavy hand axe resists.
The fiery explosion engulfs the deep elf knight!!!
You kill the deep elf knight!
Kikubaaqudgha accepts your kill.
The dead are walking!
Your mana viper disappears in a puff of smoke!
The +3 bardiche of flaming attacks as it pursues you!
The +3 bardiche of flaming hits you from afar!
* * * LOW HITPOINT WARNING * * *
The +3 bardiche of flaming burns you.
* * * LOW HITPOINT WARNING * * *
Your inugami misses the +2 heavy hand axe.
The +2 heavy hand axe is engulfed in blazing flames.
The +2 heavy hand axe hits your inugami.
The +2 heavy hand axe is engulfed in blazing flames.
The +2 heavy hand axe hits your inugami!
Your inugami barely misses the +2 heavy hand axe.
The +3 bardiche of flaming hits your inugami!!
The +3 bardiche of flaming burns your inugami.
Your inugami dies!
Your inugami disappears in a puff of smoke!
As you read the scroll of teleportation, it crumbles to dust.
You feel strangely unstable. The +2 heavy hand axe hits you.
* * * LOW HITPOINT WARNING * * *
The +3 bardiche of flaming attacks as it pursues you!
The +3 bardiche of flaming hits you from afar!!
You die...
Kikubaaqudgha rasps: You have failed me!
Welcome... death!

♣.♣.~?~......,,,,,,,,
#...~~~.♣....,,,,,,,,
*#...°......#**,,,,,,
*#..).....♣* **,,,,, #.Z......#
*,,,,, ##.......♣♣ **,,,,
##..((..♣#♣ ***,, ######
#......## **, .....#♣ #...@..# *,
......# ♣......## **, ......♣
##......### ***,, ......######
♣#..♣....## ##.... ...<..)....#
#........# #.Λ... ......♣#####
##........## ##/.\.. ......#
***##..........###/...*. )....##
**,*#..................♣.
#.#######,,*#....................


You could see 2 dancing weapons and a friendly deep elf knight zombie.

Vanquished Creatures
  Donald (Spider:2)
  A broodmother (Spider:1)
  A spark wasp (Spider:3)
  A hydra (Lair:5)
  2 centaur warriors
  3 radroaches
  A boulder beetle (D:15)
  A tengu warrior (D:14)
  3 two-headed ogres
  2 demonic crawlers (Spider:2)
  2 skysharks (Lair:5)
  Amaemon (Lair:1)
  3 deep elf knights (Elf:2)
  A glowing orange brain (shapeshifter) (D:15)
  A skeletal warrior (D:15)
  A wolf spider zombie (D:15)
  2 deep elf archers (Elf:2)
  4 deep elf pyromancers (Elf:2)
  4 deep elf zephyrmancers
  2 ugly things
  2 wolf spiders
  6 cyclopes
  A moth of wrath (Spider:4)
  4 elephants
  A torpor snail (Lair:4)
  A centaur zombie (D:15)
  2 black mambas (Lair:5)
  6 cane toads
  A rime drake (Lair:4)
  4 komodo dragons
  An orb spider zombie (Spider:2)
  4 trolls
  A hornet (Lair:5)
  A blink frog (Lair:1)
  4 slime creatures
  A centaur simulacrum (D:14)
  2 wraiths
  12 yaks
  A slime creature zombie (D:15)
  A wyvern (Lair:1)
  2 shadows
  2 redbacks (Spider:2)
  A steam dragon (D:9)
  A warg (Orc:2)
  2 basilisks
  An acid dragon (D:9)
  2 water moccasins
  3 orc warriors
  A black bear (D:15)
  An elf zombie (D:14)
  2 dream sheep zombies (Lair:4)
  A sky beast (D:6)
  2 ogres
  3 wolves
  3 kobold brigands
  A komodo dragon zombie (Lair:4)
  4 bullfrogs
  A cyclops zombie (D:15)
  2 gnoll sergeants
  A tengu zombie (D:15)
  A polar bear zombie (Lair:4)
  3 yak zombies (Lair:5)
  A killer bee (D:7)
  5 howler monkeys
  3 electric eels
  A wolf zombie (Lair:5)
  A bullfrog zombie (Lair:4)
  A bombardier beetle (D:5)
  A basilisk zombie (Lair:4)
  A black bear zombie (D:15)
  2 hounds (D:5)
  2 jellies (Lair:4)
  4 orc wizards
  3 orc zombies (Orc:2)
  2 gnolls (D:9)
  A shadow imp (D:8)
  A white imp (D:7)
  A dart slug (D:2)
  2 orcs
  3 bats
  An endoplasm (Lair:4)
  A giant cockroach (D:4)
  2 hobgoblins
  4 jackals
  2 kobolds
178 creatures vanquished.

Vanquished Creatures (collateral kills)
  Jorgrun (Orc:1)
  A deep elf blademaster (Elf:2)
  Kirke (Spider:1)
  Gastronok (D:10)
  2 deep elf sorcerers
  6 emperor scorpions
  3 ghost moths
  2 broodmothers
  A spark wasp (Spider:3)
  3 entropy weavers
  Josephine (D:13)
  A deep elf high priest (Elf:1)
  A hydra (D:15)
  2 vault guards (D:14)
  A merfolk avatar (Lair:5)
  2 catoblepae
  A radroach (Spider:2)
  A centaur warrior (D:14)
  4 boulder beetles
  3 two-headed ogres
  Erica (Orc:1)
  20 dancing weapons
  An orc high priest (Orc:2)
  2 tengu warriors
  8 demonic crawlers
  14 deep elf knights
  8 skeletal warriors
  7 orb spiders
  A skyshark (Lair:5)
  2 sea snakes (Lair:5)
  4 pharaoh ants
  An obsidian statue (Spider:3)
  A bog body (Lair:3)
  A harpy (Lair:5)
  3 orc knights (Orc:2)
  A wolf spider zombie (Spider:1)
  A steelbarb worm (Spider:3)
  7 orc sorcerers
  9 deep elf archers
  15 deep elf zephyrmancers
  3 oklob plants
  A sphinx simulacrum (D:15)
  15 wolf spiders
  30 deep elf pyromancers
  A cyclops (D:15)
  4 ugly things
  Maurice (Orc:1)
  2 manticores
  2 meliai
  15 elephants
  3 moths of wrath
  A kobold blastminer (Orc:2)
  A black mamba (Lair:3)
  A centaur zombie (D:14)
  5 torpor snails
  An orange demon (Lair:1)
  A gargoyle (D:14)
  17 cane toads
  A kobold demonologist (D:11)
  An efreet (D:13)
  2 centaur skeletons (D:14)
  7 rime drakes
  4 komodo dragons
  A yaktaur (shapeshifter) (D:13)
  A tengu conjurer (D:15)
  4 trolls
  5 polar bears
  5 hornets
  Prince Ribbit (D:7)
  23 tarantellas
  2 blink frogs (Lair:1)
  9 dream sheep
  A centaur simulacrum (D:14)
  Sigmund (D:4)
  20 culicivoras
  2 slime creatures
  20 jumping spiders
  A wyvern (Lair:3)
  A water elemental (Elf:2)
  4 yaks
  3 air elementals (Elf:2)
  3 fire elementals
  3 hogs (Spider:1)
  3 steam dragons
  46 redbacks
  6 wraiths
  4 basilisks
  14 wargs
  2 acid dragons
  12 water moccasins
  15 orc warriors
  4 laughing skulls (D:14)
  2 ice beasts
  A black bear (D:5)
  2 ogres
  3 wolves (Lair:5)
  A phantom (D:4)
  2 centaurs
  2 kobold brigands
  13 bullfrogs
  A bullfrog (shapeshifter) (D:14)
  2 gnoll sergeants (D:12)
  2 earth elementals (Elf:2)
  4 scorpions
  3 killer bees (D:7)
  A wolf zombie (Lair:5)
  7 howler monkeys
  11 jellies
  2 bombardier beetles
  7 hounds
  6 orc priests
  2 gnoll boudas
  A sleepcap (D:6)
  Jessica (D:3)
  A boggart zombie (D:14)
  2 iguanas
  21 orc wizards
  5 hell rats (Lair:5)
  2 nameless horrors
  15 gnolls
  10 adders
  A shadow imp (D:8)
  A white imp (D:5)
  6 ufetubi
  3 dart slugs
  6 ribbon worms
  60 orcs
  2 ball pythons
  6 endoplasms
  7 giant cockroaches
  6 goblins
  2 hobgoblins
  10 jackals
  3 quokkas
  5 bats
  2 frilled lizards
  16 kobolds
  2 orc zombies
  7 rats
757 creatures vanquished.

Vanquished Creatures (others)
  Asterion (Elf:1)
  A deep elf sorcerer (Elf:2)
  6 emperor scorpions
  Louise (Spider:2)
  2 ghost moths
  A broodmother (Spider:4)
  4 spark wasps
  5 entropy weavers
  A hydra (D:15)
  A great orb of eyes (D:15)
  2 vault guards (D:14)
  5 boulder beetles
  2 centaur warriors
  3 radroaches
  8 demonic crawlers
  2 tengu warriors
  2 deep elf knights
  6 pharaoh ants
  6 emperor scorpion zombies
  3 spark wasp zombies
  2 ghost moth zombies
  3 orb spiders
  A sun moth (Spider:2)
  6 deep elf archers
  2 orc knights
  A steelbarb worm (Spider:4)
  19 deep elf pyromancers
  13 deep elf zephyrmancers
  4 wolf spider zombies
  3 ugly things (D:14)
  17 wolf spiders
  2 broodmother zombies
  A salamander (D:15)
  A manticore (D:13)
  5 meliai
  2 moths of wrath
  2 cane toads (Lair:5)
  A torpor snail (Spider:3)
  A steelbarb worm zombie (Spider:4)
  A rime drake (D:13)
  A catoblepas zombie (D:13)
  3 orb spider zombies
  An efreet (D:13)
  A komodo dragon (shapeshifter) (Elf:2)
  15 redback zombies
  A harpy zombie (Lair:5)
  A troll (D:14)
  5 demonic crawler zombies
  A great orb of eyes zombie (D:15)
  A polar bear (Lair:4)
  13 tarantellas
  A wind drake (Lair:5)
  A boulder beetle zombie (D:15)
  6 culicivora zombies
  3 hornets (Spider:4)
  2 radroach zombies
  8 tarantella zombies
  6 jumping spider zombies
  2 moth of wrath zombies
  2 black mamba zombies (Lair:5)
  11 jumping spiders
  9 culicivoras
  2 yaks
  2 slime creature zombies (D:14)
  3 basilisks
  A warg (D:15)
  A steam dragon (Lair:5)
  18 redbacks
  A vampire mosquito (D:14)
  2 hogs (Spider:1)
  A tengu zombie (D:15)
  2 skyshark zombies (Lair:5)
  10 cane toad zombies
  2 water moccasins
  5 orc warriors
  An entropy weaver zombie (Spider:3)
  A hornet zombie (Lair:5)
  A blink frog zombie (Lair:1)
  A manticore zombie (Lair:5)
  2 dream sheep zombies (Lair:4)
  An ogre (Orc:2)
  An elephant zombie (Lair:3)
  70 elf zombies
  A torpor snail zombie (Spider:4)
  4 rime drake zombies
  A bullfrog (Lair:4)
  2 komodo dragon zombies
  A salamander zombie (D:15)
  9 warg zombies (Orc:2)
  A cyclops zombie (D:15)
  6 water moccasin zombies
  A polar bear zombie (Lair:5)
  A demonspawn zombie (Lair:1)
  8 yak zombies
  4 wolf zombies
  5 bullfrog zombies
  3 basilisk zombies
  A hound (D:7)
  3 orc wizards
  3 ogre zombies (Orc:2)
  A vine stalker zombie (Orc:1)
  2 hell rat zombies (Lair:5)
  33 orc zombies
  4 orcs
  99 blazeheart cores
  13 snaplasher vines
577 creatures vanquished.

Grand Total: 1512 creatures vanquished

Notes
Turn   | Place    | Note
-------+----------+-------------------------------------------
     0 | D:1      | croobank the Felid Summoner began the quest for the Orb.
     0 | D:1      | Reached XP level 1. HP: 9/9 MP: 4/4
    75 | D:1      | Slain by a gnoll
    75 | D:1      | Lost a life (0 lives remaining)
   281 | D:1      | Reached XP level 2. HP: 13/13 MP: 4/6
   284 | D:1      | Learned a level 2 spell: Call Imp
   977 | D:1      | Reached XP level 3. HP: 16/16 MP: 2/7
   981 | D:1      | Learned a level 3 spell: Call Canine Familiar
  1493 | D:2      | Reached XP level 4. HP: 21/21 MP: 3/8
  1493 | D:2      | Gained a life (1 life remaining)
  1607 | D:2      | Reached skill level 1 in Fighting
  2314 | D:3      | Noticed Jessica
  2325 | D:3      | Killed Jessica
  2326 | D:3      | Reached XP level 5. HP: 7/25 MP: 1/10
  2585 | D:3      | Found a burning altar of Makhleb.
  2606 | D:3      | Found Kudogra's Book Boutique.
  3259 | D:3      | Found a hide-covered altar of Uskayaw.
  3306 | D:3      | Learned a level 4 spell: Summon Blazeheart Golem
  3352 | D:3      | Found a bloodstained altar of Trog.
  3360 | D:3      | Found a shimmering blue altar of Sif Muna.
  3364 | D:3      | Got Sif Muna's Handbook of Bombardment
  4060 | D:4      | Noticed an ogre
  4067 | D:4      | Killed an ogre
  4068 | D:4      | Gained mutation: You are covered in thick fur. (AC +2)
                  | [Felid growth]
  4068 | D:4      | Reached XP level 6. HP: 30/30 MP: 6/11
  4324 | D:4      | Reached skill level 1 in Fire Magic
  4384 | D:4      | Found a staircase to the Ecumenical Temple.
  4405 | Temple   | Entered the Ecumenical Temple
  4426 | D:4      | Found a glowing silver altar of Zin.
  4575 | D:4      | Found a sparkling altar of Nemelex Xobeh.
  4595 | D:4      | Noticed Sigmund
  4639 | D:4      | Killed Sigmund
  4640 | D:4      | Reached skill level 5 in Dodging
  4640 | D:4      | Reached skill level 5 in Stealth
  4640 | D:4      | Reached skill level 5 in Summonings
  4640 | D:4      | Reached XP level 7. HP: 30/35 MP: 6/13
  4640 | D:4      | Gained a life (2 lives remaining)
  4758 | D:4      | Found Alifut's Book Shoppe.
  4762 | D:4      | Found a shimmering altar of Xom.
  4762 | D:4      | Found a sacrificial altar of Ru.
  4810 | D:4      | Found an ornate altar of the Wu Jian Council.
  5691 | D:5      | Entered Level 5 of the Dungeon
  6373 | D:5      | Reached XP level 8. HP: 40/40 MP: 9/15
  6815 | D:5      | Found a snail-covered altar of Cheibriados.
  7472 | D:6      | Found Suic's Distillery.
  7480 | D:6      | Bought a potion of curing for 36 gold pieces
  7480 | D:6      | Bought a potion of brilliance for 48 gold pieces
  7480 | D:6      | Bought a potion of enlightenment for 60 gold pieces
  7480 | D:6      | Bought 2 potions of degeneration for 24 gold pieces
  8825 | D:8      | Learned a level 4 spell: Summon Lightning Spire
  8853 | D:7      | Reached skill level 1 in Air Magic
  8853 | D:7      | Reached XP level 9. HP: 23/45 MP: 6/16
  9252 | D:7      | Noticed Prince Ribbit
  9265 | D:7      | Killed Prince Ribbit
  9541 | D:7      | Found a stormy altar of Qazlal.
  9648 | D:7      | Reached skill level 5 in Spellcasting
  9762 | D:8      | Reached skill level 5 in Fire Magic
  9833 | D:8      | Reached skill level 5 in Fighting
  9991 | D:8      | Found Dica's General Store.
  9999 | D:8      | Bought a potion of heal wounds for 55 gold pieces
  9999 | D:8      | Bought a scroll of identify for 22 gold pieces
  9999 | D:8      | Bought 2 scrolls of teleportation for 66 gold pieces
  9999 | D:8      | Bought a potion of curing for 33 gold pieces
 10086 | D:8      | Found an ancient bone altar of Kikubaaqudgha.
 10091 | D:8      | Became a worshipper of Kikubaaqudgha
 11030 | D:8      | Found an iron altar of Okawaru.
 11171 | D:9      | Noticed a komodo dragon
 11182 | D:9      | Reached XP level 10. HP: 24/51 MP: 12/19
 11557 | D:9      | Noticed a two-headed ogre
 11566 | D:9      | Killed a two-headed ogre
 11835 | D:9      | Noticed a two-headed ogre
 11837 | D:9      | Killed a two-headed ogre
 12010 | D:9      | Found a staircase to the Lair.
 12595 | D:9      | Found Wuiskiemuf's Assorted Antiques.
 12605 | D:9      | Bought a scroll of identify for 52 gold pieces
 12605 | D:9      | Bought a scroll of identify for 52 gold pieces
 12605 | D:9      | Bought a scroll of identify for 52 gold pieces
 12806 | D:10     | Entered Level 10 of the Dungeon
 12855 | D:10     | Reached * piety under Kikubaaqudgha
 12855 | D:10     | Received a gift from Kikubaaqudgha
 13548 | D:9      | Bought a scroll labelled WASHROGE JA CYK for 26 gold pieces
 13551 | D:9      | Acquired a ring of fire
 13574 | D:10     | Noticed Gastronok
 13574 | D:10     | Noticed a two-headed ogre
 13587 | D:10     | Killed a two-headed ogre
 13618 | D:10     | Killed Gastronok
 13619 | D:10     | Reached skill level 10 in Stealth
 13619 | D:10     | Reached XP level 11. HP: 47/58 MP: 3/21
 14013 | D:10     | Reached skill level 5 in Air Magic
 14546 | D:11     | Found Loenanuz's General Store.
 14634 | D:11     | Bought a scroll of identify for 32 gold pieces
 14637 | D:11     | Found Acveromm's Jewellery Shop.
 14778 | D:11     | Found Pual Ugy's Antique Weapon Emporium.
 14834 | D:11     | Found Iwnessen's Armour Boutique.
 14935 | D:11     | Noticed a centaur warrior
 14936 | D:11     | Noticed a two-headed ogre
 14942 | D:11     | Killed a two-headed ogre
 14942 | D:11     | Killed a centaur warrior
 14943 | D:11     | Reached skill level 10 in Dodging
 15124 | D:11     | Found Vafeq's General Store.
 15132 | D:11     | Bought a scroll of identify for 20 gold pieces
 15225 | D:11     | Noticed a two-headed ogre
 15236 | D:11     | Killed a two-headed ogre
 15517 | D:12     | Noticed a deep elf pyromancer
 15518 | D:12     | Noticed a deep elf pyromancer
 15818 | D:11     | Killed a deep elf pyromancer
 15924 | D:11     | Killed a deep elf pyromancer
 16118 | D:12     | Noticed a two-headed ogre
 16124 | D:12     | Killed a two-headed ogre
 16360 | D:12     | Noticed an orc knight
 16525 | D:12     | Found a staircase to the Orcish Mines.
 16816 | D:12     | Noticed Sonja
 16820 | D:12     | Sonja changed into Sonja the hound
 16820 | D:12     | Noticed Sonja
 16824 | D:12     | Killed Sonja the hound
 16871 | D:12     | Noticed a white ugly thing
 16873 | D:12     | Found Lugesso's Antique Armour Boutique.
 16887 | D:12     | Killed a white ugly thing
 16887 | D:12     | Reached ** piety under Kikubaaqudgha
 16888 | D:12     | Gained mutation: Your thick and shaggy fur keeps you warm.
                  | (AC +3, rC+) [Felid growth]
 16888 | D:12     | Reached XP level 12. HP: 65/65 MP: 17/25
 16894 | D:12     | Learned a level 4 spell: Animate Dead
 17072 | D:13     | Noticed a tengu warrior
 17072 | D:13     | Noticed a tengu warrior
 17082 | D:13     | Slain by a tengu warrior
 17082 | D:13     | Lost a life (1 life remaining)
 17131 | D:13     | Noticed a catoblepas
 17141 | D:13     | Noticed a centaur warrior
 17142 | D:13     | Reached skill level 1 in Necromancy
 17146 | D:13     | Noticed a centaur warrior
 17151 | D:13     | HP: 1/65 [centaur warrior/arrow (24)]
 17158 | D:13     | Killed a centaur warrior
 17165 | D:13     | Noticed Josephine
 17619 | Lair:1   | Entered Level 1 of the Lair of Beasts
 17711 | Lair:1   | Reached skill level 2 in Necromancy
 17872 | Lair:1   | Noticed Amaemon
 17887 | Lair:1   | Killed Amaemon
 18288 | Lair:1   | Reached skill level 3 in Necromancy
 18365 | Lair:1   | Your ally Amaemon died
 18567 | Lair:1   | Got the Excursus on Battle Magic and Misery
 18837 | Lair:2   | Reached skill level 4 in Necromancy
 18908 | Lair:2   | Reached skill level 10 in Summonings
 18909 | Lair:2   | Reached skill level 5 in Necromancy
 19078 | Lair:2   | Reached skill level 6 in Necromancy
 19503 | Lair:2   | Found a blossoming altar of Fedhas.
 20217 | Lair:3   | Reached XP level 13. HP: 59/71 MP: 15/27
 20217 | Lair:3   | Gained a life (2 lives remaining)
 20469 | Lair:3   | Reached skill level 7 in Necromancy
 20477 | Lair:3   | Learned a level 2 spell: Blink
 20575 | Lair:3   | Found a staircase to the Swamp.
 20589 | Lair:3   | Reached skill level 1 in Translocations
 20625 | Lair:3   | You fall into a shaft and drop 2 floors!
 20625 | Lair:5   | Entered Level 5 of the Lair of Beasts
 20704 | Lair:5   | Reached skill level 10 in Fighting
 21065 | Lair:3   | Reached skill level 8 in Necromancy
 21213 | Lair:3   | Found a hole to the Spider Nest.
 21612 | Lair:4   | Found a viscous altar of Jiyva.
 21613 | Lair:4   | Found a staircase to the Slime Pits.
 22697 | Lair:4   | Reached skill level 9 in Necromancy
 22706 | Lair:4   | Reached skill level 10 in Spellcasting
 22871 | Lair:4   | Reached skill level 10 in Necromancy
 23370 | Lair:5   | Reached skill level 11 in Necromancy
 23567 | Lair:5   | Reached *** piety under Kikubaaqudgha
 23567 | Lair:5   | Received a gift from Kikubaaqudgha
 23573 | Lair:5   | Learned a level 4 spell: Anguish
 23868 | Lair:5   | Reached XP level 14. HP: 55/77 MP: 27/29
 23946 | Lair:5   | Found a shimmering altar of Xom.
 23963 | Lair:5   | Reached skill level 12 in Necromancy
 24142 | Lair:5   | Identified the +7 rapier of Light {protect, ^Drain Str+8
                  | Dex+6}
 24464 | Lair:5   | Reached skill level 13 in Necromancy
 24717 | D:3      | Bought a book of the Wilderness for 532 gold pieces
 24936 | Orc:1    | Entered Level 1 of the Orcish Mines
 24944 | Orc:1    | Learned a level 5 spell: Summon Forest
 25096 | Orc:2    | Entered Level 2 of the Orcish Mines
 25117 | Orc:1    | Noticed Maurice
 25126 | Orc:1    | Noticed Erica
 25128 | Orc:1    | Killed Maurice
 25132 | Orc:1    | Killed Erica
 25138 | Orc:1    | Your ally Maurice died
 25156 | Orc:1    | Reached **** piety under Kikubaaqudgha
 25158 | Orc:1    | Found Nehas Feph's General Store.
 25172 | Orc:1    | Found Xenkomea's Specific Store.
 25184 | Orc:1    | Bought a scroll of teleportation for 42 gold pieces
 25184 | Orc:1    | Bought a potion of heal wounds for 70 gold pieces
 25390 | Orc:2    | Found Faxel's Distillery.
 25502 | Orc:2    | Reached skill level 14 in Necromancy
 25705 | Orc:2    | Found Qery's Magic Scroll Emporium.
 25892 | Orc:2    | Found Suliuz's Assorted Antiques.
 25913 | Orc:2    | Bought a scroll of immolation for 48 gold pieces
 25913 | Orc:2    | Bought a scroll of summoning for 114 gold pieces
 25913 | Orc:2    | Bought a scroll of identify for 24 gold pieces
 25993 | Orc:2    | Found Famouqem's Antique Weapon Shoppe.
 26095 | Orc:2    | Reached ***** piety under Kikubaaqudgha
 26164 | Orc:2    | Found a staircase to the Elven Halls.
 26918 | Orc:1    | Noticed Jorgrun
 26932 | Orc:1    | Killed Jorgrun
 27474 | Orc:2    | Bought a silver ring for 105 gold pieces
 27474 | Orc:2    | Bought a scroll of teleportation for 63 gold pieces
 28004 | D:13     | Killed Josephine
 28109 | D:13     | Reached skill level 15 in Necromancy
 28920 | D:14     | Reached XP level 15. HP: 80/80 MP: 30/30
 29316 | D:14     | Found Homyl's Armour Shop.
 29418 | D:14     | Found Yserolek's Book Shop.
 29418 | D:14     | Found Zanuqaz's Assorted Antiques.
 29420 | D:14     | Found Koeny's General Store.
 29427 | D:14     | Bought a scroll of immolation for 148 gold pieces
 29430 | D:14     | Bought a wand of digging (3) for 151 gold pieces
 29432 | D:14     | Bought a scroll of vulnerability for 48 gold pieces
 29516 | D:14     | Found a broken altar of Ashenzari.
 29594 | D:14     | Found a gate to the Vaults.
 30609 | D:15     | Entered Level 15 of the Dungeon
 30719 | D:15     | Reached skill level 16 in Necromancy
 31604 | D:15     | Found a staircase to the Depths.
 31897 | Spider:1 | Entered Level 1 of the Spider Nest
 32220 | Spider:1 | Noticed Kirke
 32231 | Spider:1 | Killed Kirke
 33388 | Spider:2 | Reached skill level 17 in Necromancy
 33402 | Spider:2 | Slain by a demonic crawler
 33402 | Spider:2 | Lost a life (1 life remaining)
 33704 | Spider:2 | Reached XP level 16. HP: 85/85 MP: 32/32
 33704 | Spider:2 | Gained a life (2 lives remaining)
 34178 | Spider:2 | Noticed Donald
 34185 | Spider:2 | Killed Donald
 34388 | Spider:2 | Noticed Louise
 34410 | Spider:2 | Killed Louise
 34419 | Spider:2 | HP: 2/85 [wolf spider (20)]
 34421 | Spider:2 | Slain by a wolf spider
 34421 | Spider:2 | Lost a life (1 life remaining)
 34707 | Spider:2 | Reached skill level 18 in Necromancy
 35781 | Spider:2 | Learned a level 5 spell: Summon Mana Viper
 35893 | Spider:3 | Reached skill level 5 in Hexes
 35972 | Spider:3 | Reached ****** piety under Kikubaaqudgha
 35976 | Spider:3 | HP: 3/85 [emperor scorpion (19)]
 35981 | Spider:3 | Slain by a demonic crawler
 35981 | Spider:3 | Lost a life (0 lives remaining)
 35983 | Spider:3 | Reached skill level 19 in Necromancy
 36001 | Spider:3 | Received a gift from Kikubaaqudgha (forbidden knowledge)
 36011 | Spider:3 | Learned a level 7 spell: Haunt
 36655 | Spider:3 | Got the Codex of Doom
 36920 | Spider:3 | Reached XP level 17. HP: 89/89 MP: 34/34
 36920 | Spider:3 | Gained a life (1 life remaining)
 36993 | Spider:3 | Reached skill level 20 in Necromancy
 37607 | Spider:4 | Entered Level 4 of the Spider Nest
 37823 | Spider:4 | Reached skill level 21 in Necromancy
 37867 | Spider:4 | Got a gossamer rune of Zot
 38615 | Spider:4 | Reached skill level 5 in Translocations
 39216 | Spider:4 | Identified the +0 helmet of the Trees {+Blink Int+5}
 40109 | Elf:1    | Entered Level 1 of the Elven Halls
 40169 | Elf:1    | Found Ziycho's Antique Weapon Shoppe.
 40169 | Elf:1    | Killed from afar by a deep elf pyromancer
 40169 | Elf:1    | Lost a life (0 lives remaining)
 40208 | Elf:1    | Reached skill level 22 in Necromancy
 40414 | Elf:1    | Found Roapnef's Assorted Antiques.
 40432 | Elf:1    | Bought a green potion for 28 gold pieces
 41163 | Elf:1    | Noticed Asterion
 41166 | Elf:1    | Killed Asterion
 41680 | Elf:1    | Got the Volume of Venomous Accomplices
 42115 | Elf:2    | Reached XP level 18. HP: 39/93 MP: 9/35
 42165 | Elf:2    | Paralysed by an air elemental for 1 turns
 42167 | Elf:2    | Paralysed by an air elemental for 1 turns
 42337 | Elf:2    | Identified the +3 trident of Ukatig {speed, *Slow rPois
                  | rC++ Will+++}
 42471 | Elf:2    | Reached skill level 23 in Necromancy
 42510 | Elf:2    | Paralysed by an air elemental for 1 turns
 43342 | Elf:2    | Paralysed by an air elemental for 1 turns
 43345 | Elf:2    | Paralysed by an air elemental for 1 turns
 43352 | Elf:2    | Paralysed by an air elemental for 1 turns
 43713 | Elf:2    | Found a runed translucent gate.
 43714 | Elf:2    | Found a runed translucent gate.
 43714 | Elf:2    | Found a runed translucent gate.
 44250 | Elf:2    | Demolished by a +3 bardiche of flaming

Illustrated notes

Levels and vault maps discovered:
D:1:      spicycebolla_arrival_xxxplode, layout_rooms
D:2:      layout_rooms
D:3:      wad_lake_hut, layout_basic, lemuel_tele_altar,
          nicolae_uskayaw_suspiria, nzn_overflow_gifts_of_might_and_magic,
          serial_shops, nicolae_shop_getting_attention
D:4:      layout_loops_corners, nemelex_diamond_rough_becter,
          mainiacjoe_overflow_24_doors,
          chequers_temple_overflow_statue_of_worship,
          nicolae_wu_jian_wuxing_cycle, minmay_temple_entry_drinking_statues,
          serial_shops, shop, nicolae_the_louvre, uniq_sigmund
D:5:      minmay_angry_zag, layout_loops_cross, kennysheep_slug_shrine,
          st_stairs_3, minmay_liquid_box, minivault_25
D:6:      layout_basic, serial_shops, nicolae_shop_peninsula
D:7:      layout_loops_cross, nicolae_qazlal_scattered_showers, serial_glass,
          glass_columns_b, glass_columns_c, dreamdust_gnoll_farm,
          uniq_prince_ribbit1
D:8:      layout_gridville, hellmonk_okawaru_the_only_friend_you_need,
          marbit_many_paths, serial_shops, shop
D:9:      layout_layer_cave, lair_entry_dummy, nicolae_stop_n_shop_2,
          nicolae_figureground_sparkle
D:10:     layout_loops_corners, uniq_gastronok
D:11:     layout_basic, serial_shops, kennysheep_mini_moat, shop, shop,
          nicolae_shop_pleasant_corner_grove, nicolae_shop_getting_attention
D:12:     layout_rooms, kennysheep_orc_monster_closet_entryway, serial_shops,
          nicolae_shop_stone, onia_ninara_dug_in_and_dangerous, uniq_sonja
D:13:     layout_cave_pools, portal_ice_cave_rime, nicolae_letterblocks
          [nicolae_letter_subblock, nicolae_letter_subblock,
          nicolae_letter_subblock, nicolae_letter_subblock,
          nicolae_letter_subblock, nicolae_letter_subblock,
          nicolae_letter_subblock, nicolae_letter_subblock,
          nicolae_letter_subblock, nicolae_letter_subblock,
          nicolae_letter_subblock, nicolae_letter_subblock,
          nicolae_letter_subblock, nicolae_letter_subblock,
          nicolae_letter_subblock, nicolae_letter_subblock,
          nicolae_letter_subblock, nicolae_letter_subblock,
          nicolae_letter_subblock, nicolae_letter_subblock,
          nicolae_letter_subblock, nicolae_letter_subblock,
          nicolae_letter_subblock, nicolae_letter_subblock,
          nicolae_letter_subblock], uniq_josephine
D:14:     layout_grid_maze, lightli_vaults_fourway_checkpoint,
          serial_park_gazebo [serial_park_minivault_5x5_1],
          minmay_shop_grid_forest, hangedman_weighted_door,
          ashenzari_conservatory_becter
D:15:     hangedman_depths_entry_try_elsewhere_first, layout_loops_cross,
          serial_glass, glass_columns_b, glass_columns_a, glass_columns_a,
          glass_columns_a, glass_columns_c, glass_columns_a
Temple:   dpeg_three_leaves_temple
Lair:1:   layout_chaotic_city, gauntlet_entry_generic, uniq_amaemon
Lair:2:   layout_hall_layers, hangedman_tree_tricks, beast_lair_carwin_2,
          grunt_megastairs_5, infiniplex_staircase_pool
Lair:3:   layout_chaotic_city, skrybe_swamp_entry_bodies,
          spider_nest_entry_funnel_web, chequers_serial_rivers_micro_e
Lair:4:   layout_regular_city, minmay_slime_entry_jelly_boxes, st_stairs_11
Lair:5:   gammafunk_lair_ancient_temple, layout_regular_city, basic_altar,
          lemuel_old_faithful
Spider:1: layout_cave_pods, uniq_kirke
Spider:2: layout_spider_delve, drop_trap, uniq_donald, uniq_louise
Spider:3: spider_temple_joshua, worms_lemuel
Spider:4: spider_rune_water, drop_trap
Orc:1:    layout_diamond_mine, nicolae_specific_store,
          nicolae_orc_takin'_care_of_business, uniq_erica, uniq_maurice,
          uniq_jorgrun
Orc:2:    st_orc_town, layout_diamond_mine, serial_shops, nicolae_square_shop
Elf:1:    nicolae_elf_arrival_fired_up, layout_onion_city,
          hangedman_elven_crosses_minicolossus, minmay_shoptagon, uniq_asterion
Elf:2:    nicolae_elf_blades_crystal_corner, layout_rooms

Skill      XL: |  1  2  3  4  5  6  7  8  9 10 11 12 13 14 15 16 17 18 |
---------------+-------------------------------------------------------+-----
Stealth        | 3 4 5 6 8 10 | 10.0
Dodging        | 3 4 5 6 8 9 10 | 10.0
Fighting       | 1 2 3 4 5 6 8 9 10 | 10.0
Spellcasting   | 3 4 5 6 8 9 10 11 12 | 12.4
Fire Magic     | 1 3 4 5 |  5.0
Summonings     | 5 6 7 9 10 12 | 12.0
Air Magic      | 1 3 4 6 7 |  7.0
Necromancy     | 6 11 15 17 19 22 23 | 23.6
Translocations | 3 5 |  5.0
Hexes          | 7 |  7.0

Action                     |  1- 3 |  4- 6 |  7- 9 | 10-12 | 13-15 | 16-18 || total
---------------------------+-------+-------+-------+-------+-------+-------++-------
  Melee: Unarmed           |    14 |    33 |    70 |    35 |    81 |    35 ||   268
         Punch             |     1 |     1 |     5 |     5 |    13 |     5 ||    30
         Bite              |       |     2 |     9 |     4 |     9 |     4 ||    28
   Cast: Summon Small Mamm |    29 |    39 |    45 |    15 |    23 |     1 ||   152
         Call Imp          |    13 |    15 |    34 |    14 |    29 |     3 ||   108
         Call Canine Famil |     4 |    18 |    26 |    18 |    37 |    10 ||   113
         Summon Blazeheart |       |     3 |    22 |    55 |    83 |    53 ||   216
         Summon Lightning  |       |       |    10 |    43 |    70 |     4 ||   127
         Animate Dead      |       |       |       |     8 |    39 |    20 ||    67
         Anguish           |       |       |       |       |   125 |   206 ||   331
         Blink             |       |       |       |       |     7 |     7 ||    14
         Summon Forest     |       |       |       |       |    53 |    77 ||   130
         Summon Mana Viper |       |       |       |       |       |    34 ||    34
         Haunt             |       |       |       |       |       |     2 ||     2
 Invoke: Unearth Wretches  |       |       |       |     3 |    11 |    25 ||    39
         Receive Forbidden |       |       |       |       |       |     1 ||     1
  Evoke: Wand              |       |       |       |     7 |     1 |     2 ||    10
         Box of beasts     |       |       |       |       |       |     1 ||     1
    Use: Scroll            |       |     2 |    14 |     9 |    12 |     9 ||    46
         Potion            |       |       |     2 |     1 |     2 |     9 ||    14
   Stab: Distracted        |       |     3 |     1 |     1 |     3 |       ||     8
         Sleeping          |       |     2 |     5 |     1 |     1 |       ||     9
         Paralysed         |       |       |       |     3 |    11 |    13 ||    27
 Armour: Skin              |     9 |    20 |    69 |    78 |   153 |   161 ||   490
  Dodge: Dodged            |    41 |    48 |   159 |   129 |   318 |   274 ||   969

Table legend: (Time is in decaauts)
 A = Elapsed time spent in this place.
 B = Non-inter-level travel time spent in this place.
 C = Inter-level travel time spent in this place.
 D = Time resting spent in this place.
 E = Time spent auto-exploring this place.
 F = Levels seen in this place.
 G = Mean time per level.
                   A        B        C        D        E       F      G
               +--------+--------+--------+--------+--------+-----+--------+
         Total |  44522 |  42306 |   2216 |  14023 |  18395 |  29 | 1535.2 |
       Dungeon |  22660 |  21190 |   1470 |   6799 |  10467 |  15 | 1510.7 |
        Temple |      1 |      1 |      0 |      0 |      0 |   1 |    1.0 |
          Lair |   7214 |   6885 |    329 |   1782 |   3239 |   5 | 1442.8 |
   Spider Nest |   7851 |   7604 |    247 |   2648 |   2900 |   4 | 1962.8 |
  Orcish Mines |   2651 |   2515 |    136 |    743 |    921 |   2 | 1325.5 |
   Elven Halls |   4142 |   4110 |     32 |   2051 |    867 |   2 | 2071.0 |
               +--------+--------+--------+--------+--------+-----+--------+

Top non-repeatable levels by time:
Spider:2: 2390 daAuts
   Elf:2: 2160 daAuts
    D:14: 2063 daAuts
  Lair:4: 2037 daAuts
Spider:4: 2021 daAuts
   Elf:1: 1981 daAuts
   Orc:2: 1972 daAuts
Spider:3: 1948 daAuts
     D:8: 1946 daAuts
    D:12: 1778 daAuts
    D:11: 1757 daAuts
     D:9: 1746 daAuts
     D:4: 1690 daAuts
     D:3: 1586 daAuts
Spider:1: 1489 daAuts
